 Dungeon Crawl Stone Soup version 0.32-a0-675-gdc239d62e1 (webtiles) character file.

Game seed: 6917338861159342447

49 Aldia the Trooper (level 3, -1/37 HPs)
             Began as an Oni Warper on Mar 11, 2024.
             Slain by an orc
             ... wielding a +0 whip
              (6 damage)
             ... on level 3 of the Dungeon.
             The game lasted 00:03:44 (2000 turns).

Aldia the Trooper (Oni Warper)                      Turns: 2000, Time: 00:03:44

Health: -1/37      AC:  3    Str: 15    XL:     3   Next: 77%
Magic:  6/6        EV:  9    Int: 19    God:
Gold:   145        SH:  0    Dex:  8    Spells: 2/7 levels left

rFire   . . .        h - +0 flail "Afoheususch" {heavy, Int+3}
rCold   . . .        (no shield)
rNeg    . . .        b - +0 robe
rPois   .            (helmet restricted)
rElec   .            (no cloak)
rCorr   .            (gloves unavailable)
SInv    .            (boots unavailable)
Will    .....        (no amulet)
Stlth   +            (no ring)
HPRegen 0.26/turn    (no ring)
MPRegen 0.10/turn

%: no passive effects
@: no status effects
A: large, unfitting armour, horns 1, tough skin 1, double potion healing,
drunken brawling
a: no special abilities


You were on level 3 of the Dungeon.
You visited 1 branch of the dungeon, and saw 3 of its levels.

You collected 145 gold pieces.

Inventory:

Hand Weapons
 a - a +0 mace
 h - the +0 flail "Afoheususch" (weapon) {heavy, Int+3}
   (You found it on level 2 of the Dungeon)

   Int+3:     It affects your intelligence (+3).
Missiles
 d - 7 darts of dispersal (quivered)
 g - a throwing net
Armour
 b - a +0 robe (worn)
Scrolls
 c - a scroll of blinking
 e - a scroll of identify
 i - a scroll of fog {unknown}
Potions
 f - 2 potions of enlightenment
 j - a potion of attraction {unknown}
 k - a potion of curing {unknown}


   Skills:
 + Level 3.5 Fighting
 * Level 3.3 Maces & Flails
 - Level 1.0 Throwing
 - Level 2.1 Dodging
 + Level 2.6 Spellcasting
 + Level 2.7 Translocations


You had 2 spell levels left.
You knew the following spells:

 Your Spells              Type           Power      Damage    Failure   Level
a - Blink                 Tloc           26%        N/A       8%          2
b - Apportation           Tloc           26%        N/A       4%          1
c - Lesser Beckoning      Tloc           26%        N/A       8%          2

Your spell library contained the following spells:

 Spells                   Type           Power      Damage    Failure   Level
 Sandblast                Erth           4%         2d4       16%         1
 Jinxbite                 Hex            4%         N/A       24%         2
 Teleport Other           Tloc           13%        N/A       16%         3
 Passwall                 Erth           2%         N/A       43%         3
 Stone Arrow              Conj/Erth      4%         3d7       43%         3
 Manifold Assault         Tloc           13%        N/A       45%         4
 Vhi's Electric Charge    Tloc/Air       14%        N/A       65%         4
 Brom's Barrelling Bould  Conj/Erth      2%         2d3       85%         4
 Alistair's Intoxication  Alch           1%         N/A       99%         5


Dungeon Overview and Level Annotations

Branches:
Dungeon (3/15)

Altars:
Zin


Innate Abilities, Weirdness & Mutations

You are too large for most types of armour.
You have a pair of small horns on your head.
You have tough skin. (AC +1)
You gain doubled healing and magic from potions.
Whenever you drink a healing potion, you attack all around you.


Message History

You see here 2 sedimented coppery potions.
An orc comes into view. It is wielding a +0 hand axe.
You closely miss the orc.
The orc shouts!
The orc hits you with a +0 flail. The orc closely misses you.
You barely miss the orc. The orc barely misses you.
An orc comes into view. It is wielding a +0 whip.
The orc hits you with a +0 club. The orc closely misses you.
The orc misses you.
You sock the orc!
You kill the orc!
The orc hits you with a +0 club.
You bludgeon the orc!!
You kill the orc!
The orc hits you with a +0 hand axe.
You barely miss the orc. The orc hits you with a +0 hand axe. x2
You closely miss the orc. The orc hits you with a +0 hand axe.
The orc hits you with a +0 whip. The orc completely misses you.
The orc hits you but does no damage.
You barely miss the orc. Your headbutt misses the orc.
The orc hits you with a +0 hand axe. The orc closely misses you. x2
The orc hits you with a +0 hand axe.
You are too injured to fight recklessly!
You are too injured to fight recklessly!
You barely miss the orc. Your headbutt misses the orc. The orc misses you.
The orc hits you with a +0 whip.
* * * LOW HITPOINT WARNING * * *
The orc hits you but does no damage. The orc barely misses you.
You sock the orc!
You kill the orc!
The orc hits you with a +0 whip.
* * * LOW HITPOINT WARNING * * *
The orc closely misses you.
An orc comes into view. It is wielding a +0 short sword.
You barely miss the orc.
The orc shouts!
The orc closely misses you. The orc barely misses you.
You hit the orc but do no damage. Your headbutt misses the orc.
The orc hits you with a +0 whip.
You die...

#.# #.# #.# #.# #o#
#.# #.# #.#
#####.### #.#
#.......# #.#
#...o)).####.#######
#....@!...<..)......
#....(..#...........
#.......+...........
#.......#...........
#.......#...........
#.......#.......$...
#............#......
#.................#.
......##.#..#


You could see 2 orcs.

Vanquished Creatures
  A dart slug (D:2)
  A ribbon worm (D:2)
  4 orcs (D:3)
  2 bats
  3 endoplasms (D:1)
  6 goblins
  A hobgoblin (D:1)
  2 jackals (D:1)
  3 quokkas
  4 ball pythons
  4 frilled lizards
  5 kobolds
  4 rats
40 creatures vanquished.

Notes
Turn   | Place    | Note
-------+----------+-------------------------------------------
     0 | D:1      | Aldia the Oni Warper began the quest for the Orb.
     0 | D:1      | Reached XP level 1. HP: 22/22 MP: 3/3
   378 | D:1      | Reached XP level 2. HP: 28/31 MP: 5/5
   406 | D:1      | Learned a level 2 spell: Blink
  1213 | D:2      | Found a glowing silver altar of Zin.
  1285 | D:2      | Reached XP level 3. HP: 35/37 MP: 6/6
  1300 | D:2      | Learned a level 1 spell: Apportation
  1376 | D:2      | Identified the +0 flail "Afoheususch" {heavy, Int+3}
  1715 | D:2      | Identified the +1 sling of Trauma {elec, Fly rElec Str+2}
  1809 | D:2      | Learned a level 2 spell: Lesser Beckoning
  2000 | D:3      | Slain by an orc

Illustrated notes

Levels and vault maps discovered:
D:1:      dpeg_arrival_simpleton_b, layout_basic, minmay_misc_feat_encased,
          st_stairs_1, chequers_serial_rivers_micro_d
D:2:      minmay_recursive_quarters, layout_basic, serial_rivers,
          chequers_serial_rivers_micro_e, chequers_serial_rivers_micro_d,
          chequers_serial_rivers_room_b, chequers_serial_rivers_room_a,
          chequers_serial_rivers_marsh, basic_altar
D:3:      layout_basic, mainiacjoe_overflow_brackets, uniq_grinder

Skill      XL: |  1  2 |
---------------+-------+-----
Fighting       | 3 |  3.5
Maces & Flails | 3 |  3.3
Throwing       | |  1.0
Dodging        | |  2.1
Spellcasting   | |  2.6
Translocations | |  2.7

Action                     || total
---------------------------++-------
  Melee: Mace              ||   100
         Headbutt          ||    10
         Flail             ||    30
    Use: Scroll            ||     1
 Armour: Robe              ||   106
  Dodge: Dodged            ||    79

Table legend: (Time is in decaauts)
 A = Elapsed time spent in this place.
 B = Non-inter-level travel time spent in this place.
 C = Inter-level travel time spent in this place.
 D = Time resting spent in this place.
 E = Time spent auto-exploring this place.
 F = Levels seen in this place.
 G = Mean time per level.
                   A        B        C        D        E       F      G
               +--------+--------+--------+--------+--------+-----+--------+
         Total |   2052 |   1963 |     89 |      0 |   1579 |   3 |  684.0 |
       Dungeon |   2052 |   1963 |     89 |      0 |   1579 |   3 |  684.0 |
               +--------+--------+--------+--------+--------+-----+--------+

Top non-repeatable levels by time:
     D:1: 1201 daAuts
     D:2: 808 daAuts
     D:3: 42 daAuts
